Map: Lerilak Crest

Players

LilDicky - Winner!

  • Race: Terran Terran
  • League: Diamond

CombatBarbie

  • Race: Terran Terran
  • League: Diamond

VOD

http://www.twitch.tv/tumescentpie

Description

Time

  • Played on: Dec. 6, 2015, 8:44 p.m.
  • Length: 7:37
Show
View Real Time Build Order
Export as new Build Order

LilDicky Terran - Winner!

Build Orders: Banshee Rush 

Get SALT Encoding   

  12  0:01  SCV  
  13  0:13  SCV  
  14  0:19  Supply Depot  
  14  0:25  SCV  
  15  0:29  Refinery  
  15  0:40  SCV  
  16  0:46  Barracks  
  16  0:53  SCV  
  17  1:05  SCV  
  18  1:19  SCV  
  19  1:31  SCV  
  20  1:36  Reaper  
  20  1:38  Supply Depot  
  21  1:44  SCV  
  22  1:56  Orbital Command  
  22  1:57  Factory  
  22  2:08  Reaper, Refinery  
  22  2:29  SCV  
  23  2:41  SCV  
  24  2:45  Starport  
  24  2:48  Factory Tech Lab  
  24  2:50  Command Center  
  24  2:52  Marine  
  24  2:53  SCV  
  26  3:05  SCV  
  27  3:15  Marine  
  28  3:32  Marine  
  29  3:45  SCV  
  29  3:47  Command Center  
  30  3:48  Factory Tech Lab  
  30  3:50  Cloaking Field, Marine  
  31  4:02  Banshee, SCV  
  34  4:14  SCV  
  35  4:18  Refinery  
  35  4:19  Marine  
  36  4:26  SCV  
  37  4:31  Siege Tank  
  37  4:35  Orbital Command  
  37  4:36  Marine  
  41  4:42  SCV, Factory  
  42  4:52  Refinery  
  42  4:56  Marine  
  42  5:01  Banshee, Orbital Command  
  42  5:03  Siege Tank  
  48  5:10  SCV  
  48  5:11  SCV  
  50  5:14  Marine  
  51  5:32  SCV  
  52  5:39  Siege Tank  
  52  5:40  Factory Tech Lab  
  47  6:07  Siege Tank  
  47  6:08  Banshee  
  47  6:10  Marine  
  53  6:20  SCV x3  
  56  6:26  Siege Tank  
  56  6:28  Marine  
  56  6:32  SCV x2  
  58  6:33  SCV  
  58  6:35  Command Center  
  60  6:44  SCV  
  61  7:14  Supply Depot  
  61  7:17  Supply Depot x2  
  61  7:20  SCV  
  61  7:22  Supply Depot  
  61  7:25  SCV  
Show
View Real Time Build Order
Export as new Build Order

CombatBarbie Terran 

Build Orders: Reaper Expand 

Get SALT Encoding   

  12  0:01  SCV  
  13  0:13  SCV  
  14  0:17  Supply Depot  
  14  0:25  SCV  
  15  0:30  Refinery  
  15  0:39  SCV  
  16  0:45  Barracks  
  16  0:51  SCV  
  17  1:03  SCV  
  18  1:11  Supply Depot  
  18  1:15  SCV  
  19  1:31  Orbital Command  
  19  1:35  Reaper  
  20  1:57  Command Center  
  20  2:02  Refinery  
  20  2:08  SCV, Marine  
  22  2:20  SCV  
  23  2:28  Barracks Tech Lab  
  23  2:32  SCV  
  23  2:36  Barracks  
  24  2:39  Barracks  
  24  2:45  SCV  
  24  2:48  Marauder  
  27  2:54  Supply Depot  
  27  2:57  SCV  
  28  3:04  Supply Depot  
  28  3:09  SCV, Marine  
  27  3:21  SCV  
  27  3:23  Marine  
  27  3:25  SCV  
  27  3:27  Marine  
  29  3:30  Marine  
  31  3:36  SCV  
  33  3:41  Orbital Command  
  33  3:48  SCV  
  33  3:53  Marine  
  34  3:56  Factory  
  34  4:00  SCV  
  35  4:07  SCV  
  36  4:12  SCV  
  36  4:13  Marine  
  38  4:17  Marine  
  38  4:19  SCV  
  38  4:24  SCV, Stimpack  
  41  4:31  SCV  
  41  4:36  SCV, Marine  
  44  4:38  Engineering Bay  
  44  4:45  Starport  
  44  4:47  Factory Reactor  
  44  4:50  SCV  
  44  4:54  SCV  
  44  4:58  Marine  
  46  5:02  SCV, Marine  
  46  5:06  SCV  
  49  5:07  Marine  
  49  5:13  Refinery  
  50  5:15  SCV  
  50  5:16  Marine  
  50  5:19  Terran Infantry Weapons Level 1, SCV  
  50  5:20  Marine  
  51  5:38  Missile Turret, Marine x2  
  51  5:39  Marauder  
  55  5:43  SCV x2  
  55  5:55  SCV x2  
  46  6:07  SCV x2, Marauder, Marine x2  
  51  6:18  Hellion x2  
  51  6:19  SCV x2  
  51  6:24  Marine x2  
  54  6:29  Marauder  
  54  6:31  SCV x2  
  54  6:40  Viking  
  54  6:42  Marine x2  
  54  6:43  SCV x2  
  57  6:50  Marauder  
  49  6:55  SCV x2  
  49  7:00  Marine x2  
  50  7:08  SCV x2  
  50  7:11  Marauder  
  47  7:18  Marine x2  
  47  7:20  SCV  
Tags
 
Add a new tag
Caveats
  • Supply blocks, unpowered buildings, or Contaminate may cause inaccurate times.
  • Supply counts are checked every 10 seconds.